 Dungeon Crawl Stone Soup version 0.27.1-1-g398f81649c (webtiles) character file.

Game seed: 12642349194460348235

169546 Cykl0x the Peltast (level 17, -6/169 HPs)
             Began as a Minotaur Fighter on Sept 21, 2021.
             Was the Champion of the Shining One.
             Killed from afar by a fire dragon (45 damage)
             ... with a blast of flame
             ... summoned by a glowing orange brain
             ... on level 1 of the Depths.
             The game lasted 00:54:55 (27940 turns).

Cykl0x the Peltast (Minotaur Fighter)              Turns: 27940, Time: 00:54:56

Health: -6/169     AC: 32    Str: 29    XL:     17   Next: 35%
Magic:  26/26      EV:  7    Int: 12    God:    the Shining One [******]
Gold:   2267       SH: 28    Dex: 12    Spells: 16/16 levels left

rFire    . . .     SeeInvis .   L - +7 eudemon blade (holy)
rCold    + . .     Faith    .   C - +0 tower shield
rNeg     + + +     Spirit   .   T - +8 orange crystal plate armour {Archmagi, Int+3 Clar}
rPois    .         Reflect  +   (helmet restricted)
rElec    .         Harm     .   l - scarf {repulsion}
rCorr    .         Rampage  .   g - +0 pair of gloves {Str+3}
Will     ++...     Archmagi +   X - -1 pair of boots "Siant" {Will+ Int+4} Stlth ..........Clarity +
                                z - amulet of reflection
HPRegen  0.38/turn              u - +4 ring of slaying
MPRegen  0.20/turn              v - ring of protection from cold

@: slowed, glowing, repel missiles, very slow
A: horns 2, retaliatory headbutt, claws 1, robust 1
a: Renounce Religion, Divine Shield, Cleansing Flame, Summon Divine Warrior


You were on level 1 of the Depths.
You worshipped the Shining One.
The Shining One was exalted by your worship.
You visited 5 branches of the dungeon, and saw 25 of its levels.
You also visited: Sewer, Bailey, Gauntlet and Volcano.

You collected 2937 gold pieces.
You spent 662 gold pieces at shops.
You donated 8 gold pieces to Zin.

Inventory:

Hand Weapons
 b - a +2 scimitar of flaming
 L - a +7 eudemon blade of holy wrath (weapon)
Missiles
 B - a silver boomerang
 G - 52 boomerangs (quivered)
 S - 4 javelins
 Y - 7 silver javelins
Armour
 g - a +0 pair of gloves of strength (worn)
 l - a scarf of repulsion (worn)
 C - a +0 tower shield (worn)
 T - the +8 orange crystal plate armour (worn) {Archmagi, Int+3 Clar}
   (You found it in a bailey)

   Int:       It affects your intelligence (+3).
   Clar:      It protects you against confusion.
 X - the -1 pair of boots "Siant" (worn) {Will+ Int+4}
   (You found it in a Gauntlet)

   Int:       It affects your intelligence (+4).
   Will:      It increases your willpower.
Jewellery
 e - a +6 ring of dexterity
 u - a +4 ring of slaying (left hand)
 v - a ring of protection from cold (right hand)
 z - an amulet of reflection (around neck)
 Q - the ring "Xuudu" {Fire rElec Dex+3}
   (You found it in a bailey)

   [ring of fire]

   It enhances your fire magic.
   Dex:       It affects your dexterity (+3).
   rF:        It protects you from fire.
   rC:        It makes you vulnerable to cold.
   rElec:     It insulates you from electricity.
Wands
 c - a wand of mindburst (10)
 m - a wand of iceblast (31)
 t - a wand of paralysis (16)
 w - a wand of acid (16)
 y - a wand of polymorph (17)
 E - a wand of charming (17)
 N - a wand of flame (36)
 W - a wand of digging (8)
Scrolls
 a - 2 scrolls of silence
 d - 13 scrolls of identify
 i - 7 scrolls of enchant armour
 k - 5 scrolls of fear
 q - 11 scrolls of teleportation
 x - 2 scrolls of magic mapping
 D - 3 scrolls of holy word
 K - 2 scrolls of immolation
 O - 2 scrolls of fog
 R - 5 scrolls of amnesia
Potions
 h - 2 potions of magic
 j - 4 potions of might
 n - 4 potions of haste
 p - 2 potions of heal wounds
 r - 2 potions of mutation
 s - 3 potions of flight
 A - 3 potions of attraction
 F - 2 potions of brilliance
 J - a potion of cancellation
 P - a potion of resistance
 U - 7 potions of curing
 V - 2 potions of ambrosia


   Skills:
 + Level 14.7 Fighting
 + Level 1.0(10.2) Short Blades
 - Level 16.3 Long Blades
 + Level 8.5 Throwing
 + Level 13.0 Armour
 + Level 5.7 Dodging
 + Level 18.6 Shields
 * Level 13.6 Invocations
 + Level 0.8 Evocations


You had 16 spell levels left.
You didn't know any spells.
Your spell library contained the following spells:

 Spells                   Type           Power      Damage    Failure   Level
 Magic Dart               Conj           0%         1d3       100%        1
 Pain                     Necr           0%         1d4       100%        1
 Blink                    Tloc           N/A        N/A       100%        2
 Call Imp                 Summ           0%         N/A       100%        2
 Slow                     Hex            0%         N/A       100%        2
 Confusing Touch          Hex            0%         N/A       100%        3
 Frozen Ramparts          Ice            0%         1d2       100%        3
 Ignite Poison            Fire/Tmut/Pois 0%         N/A       100%        3
 Inner Flame              Hex/Fire       0%         N/A       100%        3
 Mephitic Cloud           Conj/Pois/Air  0%         N/A       100%        3
 Vampiric Draining        Necr           0%         2d6       100%        3
 Hailstorm                Conj/Ice       0%         3d3       100%        4
 Ice Form                 Ice/Tmut       0%         N/A       100%        4
 Summon Ice Beast         Ice/Summ       0%         N/A       100%        4
 Alistair's Intoxication  Tmut/Pois      0%         N/A       100%        5
 Bolt of Magma            Conj/Fire/Erth 0%         4d4       100%        5
 Borgnjor's Vile Clutch   Necr/Erth      0%         N/A       100%        5
 Manifold Assault         Tloc           0%         N/A       100%        5
 Silence                  Hex/Air        0%         N/A       100%        5
 Summon Forest            Summ/Tloc      0%         N/A       100%        5
 Summon Mana Viper        Hex/Summ       0%         N/A       100%        5
 Eringya's Noxious Bog    Tmut/Pois      0%         N/A       100%        6
 Shadow Creatures         Summ           N/A        N/A       100%        6
 Simulacrum               Ice/Necr       0%         N/A       100%        6
 Storm Form               Tmut/Air       0%         N/A       100%        7
 Summon Hydra             Summ           0%         N/A       100%        7


Dungeon Overview and Level Annotations

Branches:
Dungeon (15/15)            Temple (1/1) D:4            Lair (6/6) D:8
  Swamp (0/4) Lair:4        Snake (0/4) Lair:2        Slime (0/5) Lair:6
    Orc (2/2) D:10            Elf (0/3) Orc:2        Vaults (0/5) D:14
 Depths (1/5) D:15          Sewer (visited)          Bailey (visited)
Volcano (visited)         Gauntlet (visited)

Altars:
Ashenzari
Cheibriados
Dithmenos
Elyvilon
Fedhas
Qazlal
Ru
Sif Muna
Uskayaw
Vehumet
Xom
Zin
The Shining One
Beogh

Shops:
D:5 ?   D:6 [   D:9 *   D:11 :   D:12 *   Orc:2 [=*(*

Portals:
Pandemonium: Depths:1

Annotations:
D:8 2 transporters, Buersti's ghost, novice HOFi


Innate Abilities, Weirdness & Mutations

You have a pair of horns on your head.
You reflexively headbutt those who attack you in melee.
You have sharp fingernails.
You are robust. (+10% HP)


Message History

You block the purple ugly thing's attack.
The fire dragon barely misses you.
You riposte.
You slash the fire dragon! You headbutt the fire dragon.
The fire dragon is moderately wounded.
You block the fire dragon's attack.
The fire dragon tramples you but does no damage.
You block the ice dragon's attack.
The ice dragon claws you but does no damage.
You block the ice dragon's attack.
You slash the ice dragon!
The ice dragon is severely wounded.
You block the rakshasa's attack.
The purple ugly thing basks in the mutagenic energy from its kin and changes!
The fire dragon breathes flames at you. The blast of flame hits you!
* * * LOW HITPOINT WARNING * * *
The ice dragon bites you but does no damage.
You block the ice dragon's attack.
The ice dragon tramples you but does no damage.
You slice the ice dragon!!
The ice dragon is almost dead.
The rakshasa weaves an illusion.
A glowing orange brain comes into view.
The glowing orange brain shimmers and seems to become two!
A glowing orange brain comes into view.
You block the fire dragon's attack. x2
The fire dragon tramples you but does no damage.
The ice dragon bites you but does no damage.
You block the ice dragon's attack. The ice dragon tramples you.
* * * LOW HITPOINT WARNING * * *
You hold your ground!
The necromancer casts a spell.
The necromancer binds the souls of nearby monsters.
The glowing orange brain moves out of view.
Blink to where?
Press: ? - help, Dir - move target
As you read the scroll of blinking, it crumbles to dust.
The fire dragon breathes flames at you. The blast of flame hits you!!!
You die...

#.').+.+............
#.#''#.#............
##'....+##........### #
#∩##'### #........#
#.###....###........#
#...................###
##....<................
#.....................
#....@.....>#######...
##...........# #...
..............# #...
###...........# #...
.............#######...
.###DD.##...............
#.#u# #..............
#R§u###..........####
#Gp.###)ZZ....####..#


You could see a fire dragon (summoned, catching breath), an ice dragon
(summoned), 2 ugly things and a rakshasa (summoned).

Vanquished Creatures
  A lich (Depths:1)
  Rupert (D:15)
  The ghost of Placeboclown the Peltast, a journeyman FoAK of Lugonu (Lair:6)
  2 orc warlords
  The ghost of Sede the Severer, a journeyman HOFi of Okawaru (Lair:6)
  2 stone giants
  Nessos (D:15)
  A lorocyproca (Depths:1)
  The ghost of mutifu the Slicer, a journeyman DDFi of Qazlal (Lair:2)
  A minotaur (Gauntlet)
  Snorg (D:11)
  A fire dragon (Depths:1)
  The ghost of H0rd4k the Thaumaturge, a journeyman OpWz of Gozag (Lair:6)
  2 ettins
  2 great orbs of eyes
  A vault guard (D:14)
  A rakshasa (Depths:1)
  Erolcha (Orc:1)
  6 hydras
  Harold (D:7)
  3 boulder beetles
  An ice dragon (Depths:1)
  An ogre mage (D:15)
  3 death knights
  7 centaur warriors
  6 two-headed ogres
  A vampire mage (Depths:1)
  34 death yaks
  3 tengu warriors
  2 orc high priests
  A soul eater (Gauntlet)
  A hell knight (Volcano)
  A salamander mystic (Volcano)
  A sixfirhy (Depths:1)
  2 skeletal warriors (D:13)
  A torturous demonspawn (Depths:1)
  A deep troll (shapeshifter) (D:14)
  2 bog bodies (Lair:4)
  4 phantasmal warriors (D:13)
  A necromancer (D:14)
  3 deep elf pyromancers
  10 orc knights
  7 oklob plants
  4 wizards
  3 orc sorcerers
  4 salamanders (Volcano)
  A wolf spider (D:14)
  15 ugly things (D:14)
  13 elephants
  7 cyclopes
  A guardian serpent (Lair:2)
  Joseph (D:7)
  A torpor snail (Lair:5)
  6 black mambas
  11 cane toads
  A gargoyle (D:11)
  2 molten gargoyles (Volcano)
  Maggie (D:7)
  A minotaur zombie (Gauntlet)
  3 rime drakes (Lair:6)
  2 tengu conjurers
  2 efreet (D:14)
  12 komodo dragons
  A yaktaur (D:15)
  6 meliai
  A wind drake (shapeshifter) (D:11)
  8 polar bears
  8 trolls
  18 blink frogs
  A blink frog (shapeshifter) (D:13)
  6 hornets
  7 slime creatures
  2 dream sheep (Lair:6)
  15 spriggans (Lair:6)
  12 flying skulls (Gauntlet)
  2 water elementals (D:15)
  5 wyverns
  6 shadows
  A ynoxinul (Depths:1)
  59 yaks
  A wraith (D:10)
  A fire bat (Volcano)
  21 humans (D:14)
  10 basilisks
  Menkaure (D:7)
  7 wargs
  2 vampire mosquitoes (D:12)
  13 water moccasins
  3 black bears
  A swamp drake (Lair:4)
  52 orc warriors
  A sky beast (D:8)
  9 ogres
  22 wolves
  3 boggarts (Lair:6)
  14 centaurs
  2 phantoms
  Blork the orc (D:4)
  11 bullfrogs
  4 gnoll sergeants
  3 kobold brigands
  3 earth elementals (D:12)
  A wyvern zombie (D:7)
  A scorpion (D:5)
  A troll zombie (D:10)
  A water moccasin skeleton (D:5)
  7 killer bees
  An electric eel (D:15)
  5 lava snakes (Volcano)
  A bullfrog zombie (D:6)
  A jelly (D:7)
  7 centaur zombies
  A hound (D:6)
  2 bullfrog skeletons
  2 centaur skeletons
  A gnoll shaman (D:9)
  20 orc priests
  Crazy Yiuf (D:2)
  13 iguanas
  Natasha (thrice) (D:2)
  30 orc wizards
  4 hell rats (Lair:4)
  A killer bee zombie (D:8)
  5 ogre zombies (D:10)
  A hound zombie (D:5)
  2 howler monkey zombies
  Robin (D:4)
  13 adders
  29 gnolls
  A howler monkey skeleton (D:4)
  10 river rats
  7 shadow imps (Gauntlet)
  A white imp (D:5)
  2 ufetubi
  A worm (D:3)
  2 dart slugs
  87 orcs
  5 endoplasms
  7 giant cockroaches
  35 goblins
  30 hobgoblins
  5 jackals (D:4)
  18 kobolds
  4 quokkas
  7 ball pythons
  7 bats
  27 frilled lizards
  A goblin skeleton (D:10)
  4 goblin zombies (D:10)
  6 hobgoblin zombies (D:10)
  2 orc skeletons (D:10)
  6 orc zombies (D:10)
  10 rats
  A bush (Lair:5)
1000 creatures vanquished.

Vanquished Creatures (collateral kills)
  Urug (Orc:2)
  An orc sorcerer (Orc:2)
  A warg (Orc:2)
  An orc warrior (Orc:2)
  An orc priest (Orc:2)
  2 orc wizards (Orc:2)
7 creatures vanquished.

Vanquished Creatures (others)
  An ugly thing (D:14)
  2 orcs (Orc:2)
  16 fungi
  34 plants
53 creatures vanquished.

Grand Total: 1060 creatures vanquished

Notes
Turn   | Place    | Note
-------+----------+-------------------------------------------
     0 | D:1      | Cykl0x the Minotaur Fighter began the quest for the Orb.
     0 | D:1      | Reached XP level 1. HP: 19/19 MP: 0/0
   222 | D:1      | Reached XP level 2. HP: 27/27 MP: 1/1
   276 | D:1      | Reached skill level 4 in Shields
   780 | D:2      | Noticed Natasha
   787 | D:2      | Killed Natasha
   788 | D:2      | Reached XP level 3. HP: 9/33 MP: 2/2
   856 | D:2      | Noticed Natasha
   862 | D:2      | Killed Natasha
   863 | D:2      | Reached XP level 4. HP: 21/40 MP: 3/3
  1059 | D:2      | Noticed Natasha
  1073 | D:2      | Gained mutation: You are robust. (+10% HP) [potion of
                  | mutation]
  1073 | D:2      | Gained mutation: You have sharp fingernails. [potion of
                  | mutation]
  1078 | D:2      | Killed Natasha
  1456 | D:2      | Found a shimmering blue altar of Sif Muna.
  1534 | D:2      | Found a runed translucent door.
  1535 | D:2      | Noticed Crazy Yiuf
  1835 | D:2      | Reached skill level 1 in Throwing
  2016 | D:2      | Killed Crazy Yiuf
  2017 | D:2      | Reached XP level 5. HP: 48/51 MP: 4/4
  2184 | D:3      | Found a glowing silver altar of Zin.
  2187 | D:3      | Became a worshipper of Zin the Law-Giver
  3127 | D:4      | Reached skill level 5 in Armour
  3156 | D:4      | Noticed Blork the orc
  3165 | D:4      | Killed Blork the orc
  3166 | D:4      | Reached skill level 1 in Dodging
  3166 | D:4      | Reached skill level 5 in Shields
  3166 | D:4      | Reached skill level 1 in Invocations
  3166 | D:4      | Reached XP level 6. HP: 47/58 MP: 5/5
  3217 | D:4      | Found a staircase to the Ecumenical Temple.
  3229 | Temple   | Entered the Ecumenical Temple
  3287 | Temple   | Fell from the grace of Zin
  3287 | Temple   | Became a worshipper of the Shining One
  3322 | D:4      | Found a glowing drain.
  3373 | Sewer    | Entered a sewer
  3759 | Sewer    | Reached XP level 7. HP: 66/66 MP: 7/7
  4145 | D:4      | You fall into a shaft and drop 1 floor!
  4145 | D:5      | Entered Level 5 of the Dungeon
  4165 | D:5      | Reached skill level 5 in Fighting
  4165 | D:5      | Reached skill level 5 in Long Blades
  4342 | D:4      | Found a broken altar of Ashenzari.
  4342 | D:4      | Found a white marble altar of Elyvilon.
  4480 | D:4      | Reached * piety under the Shining One
  4533 | D:4      | Noticed Robin
  4548 | D:4      | Killed Robin
  4893 | D:5      | Reached skill level 6 in Shields
  4943 | D:5      | Found Vipriq's Magic Scroll Shoppe.
  5126 | D:5      | Reached XP level 8. HP: 75/75 MP: 9/9
  5330 | D:5      | You fall into a shaft and drop 2 floors!
  5489 | D:7      | Noticed Maggie
  5501 | D:7      | Killed Maggie
  5502 | D:7      | Reached skill level 7 in Shields
  5808 | D:7      | Reached ** piety under the Shining One
  5858 | D:7      | Noticed Harold
  5871 | D:7      | Killed Harold
  5872 | D:7      | Reached skill level 8 in Shields
  5872 | D:7      | Reached XP level 9. HP: 43/84 MP: 11/11
  6135 | D:7      | Noticed Joseph
  6145 | D:7      | Killed Joseph
  6146 | D:7      | Reached skill level 5 in Invocations
  6396 | D:6      | Found a sacrificial altar of Ru.
  6571 | D:6      | Found a shimmering altar of Xom.
  6848 | D:6      | Found Vaekon's Armour Boutique.
  7415 | D:7      | Noticed Menkaure
  7422 | D:7      | Killed Menkaure
  7924 | D:8      | Found a transporter.
  7928 | D:8      | Found a transporter.
  7928 | D:8      | Noticed Buersti's ghost (novice HOFi)
  7929 | D:8      | Noticed a queen bee
  8022 | D:8      | Reached *** piety under the Shining One
  8032 | D:7      | HP: 4/85 [warg (2)]
  8035 | D:7      | Reached XP level 10. HP: 5/92 MP: 13/13
  8407 | D:7      | Reached skill level 9 in Shields
  8802 | D:8      | Noticed an orc sorcerer
  8803 | D:8      | Paralysed by an orc sorcerer for 5 turns
  8813 | D:8      | Noticed an orange demon
  8813 | D:8      | Killed an orc sorcerer
  8860 | D:8      | Found a staircase to the Lair.
  9038 | D:8      | Reached skill level 10 in Long Blades
  9303 | D:9      | Found Jomisti's Assorted Antiques.
  9319 | D:9      | Bought a scroll labelled QAIR RUPPEAT for 26 gold pieces
  9470 | D:9      | Found a stormy altar of Qazlal.
  9796 | D:9      | Found the +9 sword of Zonguldrok {reap}
  9828 | D:9      | Reached skill level 10 in Shields
 10223 | D:10     | Entered Level 10 of the Dungeon
 10288 | D:10     | Reached XP level 11. HP: 98/101 MP: 15/15
 10560 | D:10     | Reached **** piety under the Shining One
 10570 | D:10     | Found a staircase to the Orcish Mines.
 10623 | D:10     | Reached ***** piety under the Shining One
 11305 | D:11     | Noticed Snorg
 11331 | D:11     | Found a flagged portal.
 11339 | D:11     | Identified the +8 hand axe "Kaadagen" {vorpal, rF+ rN+
                  | Will+}
 11682 | Bailey   | Entered a bailey
 11816 | Bailey   | Noticed an orc knight
 11831 | Bailey   | Killed an orc knight
 11960 | Bailey   | Noticed an orc warlord
 11960 | Bailey   | Noticed an orc knight
 11978 | Bailey   | Killed an orc warlord
 11979 | Bailey   | Reached skill level 11 in Shields
 11987 | Bailey   | Killed an orc knight
 12008 | Bailey   | Found the +8 orange crystal plate armour {Archmagi, Int+3
                  | Clar}
 12016 | Bailey   | Identified the ring "Xuudu" {Fire rElec Dex+3}
 12049 | Bailey   | Acquired a +4 double sword of electrocution
 12053 | Bailey   | Reached skill level 5 in Dodging
 12053 | Bailey   | Reached XP level 12. HP: 114/114 MP: 15/17
 12189 | D:11     | Noticed a two-headed ogre
 12195 | D:11     | Killed a two-headed ogre
 12241 | D:11     | Killed Snorg
 12242 | D:11     | Reached skill level 12 in Shields
 12372 | D:11     | Found Mimuoteylu's Book Shoppe.
 12511 | D:11     | Noticed a boulder beetle
 12520 | D:11     | Killed a boulder beetle
 12945 | D:12     | Reached XP level 13. HP: 122/122 MP: 18/18
 13315 | D:12     | Found Yra Sabb's Pet Rocks.
 13372 | D:12     | Bought a wand of digging (5) for 306 gold pieces
 13733 | D:5      | Found a radiant altar of Vehumet.
 13877 | D:5      | Found a hide-covered altar of Uskayaw.
 14599 | D:13     | Reached skill level 5 in Throwing
 14599 | D:13     | Reached skill level 10 in Armour
 15159 | D:13     | Reached skill level 1 in Short Blades
 15244 | D:13     | Reached skill level 10 in Fighting
 15250 | D:13     | Reached skill level 13 in Shields
 15563 | D:14     | Reached skill level 10 in Invocations
 15648 | D:14     | Reached XP level 14. HP: 93/134 MP: 20/20
 15648 | D:14     | Reached ****** piety under the Shining One
 15854 | D:14     | Reached skill level 15 in Long Blades
 15862 | D:14     | Found a gate to the Vaults.
 15927 | D:14     | Paralysed by a great orb of eyes for 4 turns
 15960 | D:14     | Paralysed by a great orb of eyes for 7 turns
 15977 | D:14     | The Shining One protects you from harm!
 15981 | D:14     | The Shining One protects you from harm!
 16414 | D:14     | Reached skill level 14 in Shields
 16613 | D:15     | Entered Level 15 of the Dungeon
 16950 | D:15     | Found a shadowy altar of Dithmenos.
 16971 | D:15     | Noticed Rupert
 16972 | D:15     | Noticed Nessos
 16980 | D:15     | Paralysed by Rupert for 7 turns
 16990 | D:15     | Killed Rupert
 16993 | D:15     | Killed Nessos
 17246 | D:15     | Found a staircase to the Depths.
 17246 | D:15     | Noticed a stone giant
 17252 | D:15     | Killed a stone giant
 17877 | Lair:1   | Entered Level 1 of the Lair of Beasts
 18288 | Lair:1   | Reached XP level 15. HP: 145/145 MP: 22/22
 18586 | Lair:2   | Found a staircase to the Snake Pit.
 18743 | Lair:2   | Found a runed translucent gate.
 18746 | Lair:2   | Found a runed translucent gate.
 18747 | Lair:2   | Found a runed translucent gate.
 18747 | Lair:2   | Noticed mutifu's ghost (journeyman DDFi)
 18763 | Lair:2   | Killed mutifu's ghost
 19889 | Lair:3   | Reached skill level 15 in Shields
 20090 | Lair:4   | Found a dark tunnel.
 20095 | Volcano  | Entered a volcano
 20184 | Volcano  | Found a bloodstained altar of Trog.
 20407 | Volcano  | Identified a +2 eudemon blade of holy wrath (a +0 demon
                  | blade of flaming blessed by the Shining One)
 20407 | Volcano  | Received a gift from the Shining One
 20595 | D:5      | Bought a scroll of enchant weapon for 90 gold pieces
 20901 | Lair:4   | Found a staircase to the Swamp.
 21729 | Lair:5   | You fall into a shaft and drop 1 floor!
 21729 | Lair:6   | Entered Level 6 of the Lair of Beasts
 21750 | Lair:5   | Found a gate leading to a gauntlet.
 21863 | Gauntlet | Entered a Gauntlet
 21863 | Gauntlet | Found a transporter.
 21863 | Gauntlet | Found a transporter.
 22067 | Gauntlet | Found a transporter.
 22069 | Gauntlet | Found a transporter.
 22090 | Gauntlet | Found a transporter.
 22108 | Gauntlet | Found a transporter.
 22111 | Gauntlet | Found a transporter.
 22111 | Gauntlet | Found a transporter.
 22123 | Gauntlet | Found a transporter.
 22138 | Gauntlet | Found a runed translucent gate.
 22139 | Gauntlet | Found a transporter.
 22139 | Gauntlet | Found a runed translucent gate.
 22140 | Gauntlet | Found a runed translucent gate.
 22148 | Gauntlet | Found a runed translucent door.
 22149 | Gauntlet | Found a transporter.
 22150 | Gauntlet | Found a runed translucent door.
 22163 | Gauntlet | Found a transporter.
 22184 | Gauntlet | Found a transporter.
 22185 | Gauntlet | Found a runed translucent door.
 22201 | Gauntlet | Found a transporter.
 22276 | Gauntlet | Identified the +1 helmet of Sin {rN+ Int+4}
 22326 | Gauntlet | Identified the -1 pair of boots "Siant" {Will+ Int+4}
 22340 | Gauntlet | Got the Disquisition on Bewitching Dark Secrets
 22354 | Gauntlet | Reached skill level 16 in Shields
 22358 | Gauntlet | Identified the amulet "Litukkuxt" {Acrobat Rampage rElec
                  | Int+3 Stlth+}
 22740 | Lair:5   | Reached XP level 16. HP: 157/157 MP: 24/24
 24233 | Lair:6   | Reached skill level 17 in Shields
 24608 | Lair:6   | Found a staircase to the Slime Pits.
 24798 | Lair:6   | Found a runed translucent gate.
 24798 | Lair:6   | Found a runed translucent gate.
 24800 | Lair:6   | Found a runed translucent gate.
 24801 | Lair:6   | Noticed Placeboclown's ghost (journeyman FoAK)
 24801 | Lair:6   | Noticed Sede's ghost (journeyman HOFi)
 24801 | Lair:6   | Noticed H0rd4k's ghost (journeyman OpWz)
 24812 | Lair:6   | Killed Sede's ghost
 24816 | Lair:6   | Killed Placeboclown's ghost
 24822 | Lair:6   | Killed H0rd4k's ghost
 25282 | Lair:6   | Identified the +1 scale mail of Somewhere Else {Int+6}
 25550 | Orc:1    | Entered Level 1 of the Orcish Mines
 25559 | Orc:1    | Noticed Erolcha
 25571 | Orc:1    | Killed Erolcha
 25949 | Orc:2    | Entered Level 2 of the Orcish Mines
 25996 | Orc:2    | Reached skill level 18 in Shields
 26038 | Orc:2    | Found a staircase to the Elven Halls.
 26059 | Orc:2    | Reached XP level 17. HP: 157/167 MP: 24/26
 26277 | Orc:2    | Noticed Urug
 26289 | Orc:2    | Killed Urug
 26326 | Orc:2    | Found Ileekogh's General Store.
 26631 | Orc:2    | Found Xeojobug's General Store.
 26795 | Orc:2    | Found Tuss's Antique Armour Shoppe.
 26805 | Orc:2    | Bought a runed scarf for 240 gold pieces
 26901 | Orc:2    | Found Uptiq's Antique Weapon Shoppe.
 27266 | Orc:2    | Found Toife's Jewellery Shoppe.
 27569 | Orc:1    | You fall into a shaft and drop 1 floor!
 27787 | Depths:1 | Entered Level 1 of the Depths
 27794 | Depths:1 | Found a one-way gate leading to the halls of Pandemonium.
 27908 | Depths:1 | Noticed a lich
 27918 | Depths:1 | Killed a lich
 27940 | Depths:1 | Killed from afar by a fire dragon

Illustrated notes

Levels and vault maps discovered:
D:1:      psy_arrival_basics, layout_basic, minmay_octomino_j4
D:2:      layout_loops_ring, basic_altar, uniq_natasha, uniq_crazy_yiuf_cottage
D:3:      layout_loops_ring, lemuel_doored_altar
D:4:      kennysheep_goblin_castle, layout_cave_pools,
          gammafunk_temple_overflow_wave, minmay_temple_entry_sparse_star,
          portal_sewer_entry_b, minmay_fractal_squares_gapless_5,
          uniq_blork_the_orc
D:5:      layout_rooms, mainiacjoe_overflow_surrounded_room,
          mainiacjoe_overflow_concentric_impassable, serial_shops,
          kennysheep_mini_moat
D:6:      layout_cave_pods, xom_teletrap_fun,
          nicolae_ru_great_annihilating_truth, serial_shops, kennysheep_mini,
          kennysheep_small_circle
D:7:      layout_loops_ring, st_stairs_2, minmay_circle_x, uniq_harold,
          uniq_joseph, uniq_menkaure, uniq_maggie
D:8:      cheibrodos_wizards_tower, layout_rooms, erik_lair_orcish_takeover,
          gammafunk_ghost_hive
D:9:      layout_roguey, nicolae_qazlal_general_emergency, serial_shops,
          nicolae_square_shop, grunt_ministairs_4, sword_in_stone
D:10:     layout_loops_ring, zombieorc1_lemuel
D:11:     layout_gridville, enter_bailey_2, serial_shops,
          nicolae_shop_competitors_out_of_business, uniq_snorg
D:12:     layout_cave_pods, guppyfry_shop_earth
D:13:     layout_rooms
D:14:     minmay_cut_squares, layout_rooms, grunt_vaults_entry_tiered,
          moated_statue
D:15:     grunt_enter_depths_snipers, layout_basic, grunt_dithmenos_shadows,
          uniq_rupert, uniq_nessos
Temple:   minmay_temple_curvy_branch
Lair:1:   layout_roguey, grunt_megastairs_3
Lair:2:   layout_regular_city, minmay_snake_entry_spellcaster,
          ebering_ghost_rock_garden, beast_lair_carwin_9
Lair:3:   layout_loops_ring, minivault_19, serial_bayou_pond_e,
          kennysheep_basilisk_garden
Lair:4:   lemuel_reptile_caves, layout_regular_city, skrybe_swamp_entry_bodies,
          enter_volcano_4
Lair:5:   layout_cave_pods, gauntlet_entry_generic, minmay_lair_oklob_bushes,
          minivault_24
Lair:6:   minmay_lair_end_enchanted_forest, layout_loops_ring,
          minmay_slime_entry_oklob_open, gammafunk_ghost_cemetery,
          lemuel_fruit_fields, minmay_lair_oklob_chamber
Orc:1:    layout_diamond_mine, uniq_erolcha
Orc:2:    grunt_orc_cross, layout_diamond_mine, basic_altar, serial_shops,
          shop_coins
Depths:1: layout_small_grid, pf_coc_iceberg, lemuel_round_altar, serial_glass,
          glass_columns_b, glass_columns_a, rand_demon_pan_entry_7,
          minmay_starry_boxes

Skill      XL: |  1  2  3  4  5  6  7  8  9 10 11 12 13 14 15 16 17 |
---------------+----------------------------------------------------+-----
Shields        | 4 5 6 8 10 11 12 13 14 16 18 | 18.6
Fighting       | 4 5 6 7 9 10 11 13 14 | 14.7
Armour         | 4 5 6 7 8 9 10 11 12 13 | 13.0
Long Blades    | 3 4 6 8 9 10 12 13 14 15 16 | 16.3
Throwing       | 1 2 3 4 5 6 7 8 |  8.5
Dodging        | 1 2 5 |  5.7
Invocations    | 1 2 4 5 6 8 10 11 12 13 | 13.6
Short Blades   | 1 |  1.0
Evocations     | |  0.8

Action                   |  1- 3 |  4- 6 |  7- 9 | 10-12 | 13-15 | 16-18 || total
-------------------------+-------+-------+-------+-------+-------+-------++-------
Melee: Long sword        |    35 |   209 |   232 |   294 |       |       ||   770
       Headbutt          |     5 |    33 |    49 |   113 |   239 |   213 ||   652
       Scimitar          |       |       |       |   154 |     4 |     9 ||   167
       Double sword      |       |       |       |    31 |   521 |       ||   552
       Short sword       |       |       |       |       |     5 |       ||     5
       Eudemon blade     |       |       |       |       |   278 |   718 ||   996
Throw: Stone             |    19 |    39 |    62 |     1 |       |       ||   121
       Boomerang         |       |       |     1 |    43 |   157 |    45 ||   246
       Dart              |       |       |       |     2 |     7 |     2 ||    11
Invok: Divine Shield     |       |       |     1 |     1 |     4 |     3 ||     9
       Cleansing Flame   |       |       |       |       |     1 |       ||     1
       Brand Weapon With |       |       |       |       |     1 |       ||     1
       Summon Divine War |       |       |       |       |       |     1 ||     1
Evoke: Wand              |       |       |       |       |     8 |     1 ||     9
  Use: Potion            |       |     6 |     1 |     4 |     3 |       ||    14
       Scroll            |       |     8 |    11 |     8 |     7 |     2 ||    36
Armor: Scale mail        |    11 |     9 |       |       |       |       ||    20
       Chain mail        |       |   153 |   142 |   133 |       |       ||   428
       Crystal plate arm |       |       |       |     7 |   211 |   173 ||   391
Dodge: Dodged            |    14 |    66 |    79 |    89 |    58 |    66 ||   372
       Repelled          |       |       |       |       |     2 |     4 ||     6
Block: Kite shield       |    17 |   146 |   169 |   382 |       |       ||   714
       Reflection        |       |       |       |     8 |    43 |    12 ||    63
       Tower shield      |       |       |       |    20 |   737 |   747 ||  1504
       Rpst.: Long sword |     4 |    10 |    16 |    18 |       |       ||    48
       Scimitar          |       |       |       |     3 |       |     1 ||     4
       Double sword      |       |       |       |       |     7 |       ||     7
       Eudemon blade     |       |       |       |       |     8 |    19 ||    27
